 Dungeon Crawl Stone Soup version 0.31-a0-426-g3a05650e59 (webtiles) character file.

Game seed: 10261975415764782454

44 bobarctor the Stinger (level 3, -1/24 HPs)
             Began as a Demonspawn Venom Mage on July 31, 2023.
             Slain by an orc
             ... wielding a +0 whip
              (4 damage)
             ... on level 3 of the Dungeon.
             The game lasted 00:07:46 (1372 turns).

bobarctor the Stinger (Demonspawn Venom Mage)       Turns: 1372, Time: 00:07:46

Health: -1/24      AC:  2    Str:  8    XL:     3   Next: 39%
Magic:  1/7        EV: 12    Int: 18    God:
Gold:   93         SH:  0    Dex: 13    Spells: 1/7 levels left

rFire   . . .        l - +0 dagger
rCold   . . .        (no shield)
rNeg    . . .        a - +0 robe
rPois   .            (helmet restricted)
rElec   .            (no cloak)
rCorr   +            (no gloves)
SInv    .            (no boots)
Will    +....        (no amulet)
Stlth   ++           g - ring of resist corrosion
HPRegen 0.24/turn    (no ring)
MPRegen 0.10/turn

%: no passive effects
@: enlightened, flying, hasted, very quick
A: horns 2
a: no special abilities


You were on level 3 of the Dungeon.
You visited 1 branch of the dungeon, and saw 3 of its levels.

You collected 93 gold pieces.

Inventory:

Hand Weapons
 c - a +0 short sword
 l - a +0 dagger (weapon)
Missiles
 k - 4 poisoned darts
 o - 15 stones
Armour
 a - a +0 robe (worn)
 f - a +0 helmet
Magical Staves
 e - a staff of cold
 p - a staff of fire
Jewellery
 g - a ring of resist corrosion (left hand)
Scrolls
 d - 2 scrolls of amnesia {unknown}
 m - a scroll of enchant weapon {unknown}
 n - a scroll of blinking {unknown}
 q - a scroll of immolation {unknown}
 r - a scroll of noise {unknown}
 s - a scroll of identify {unknown}
Potions
 b - a potion of magic
 i - a potion of cancellation {unknown}


   Skills:
 + Level 1.9 Dodging
 + Level 2.0 Stealth
 * Level 2.8 Spellcasting
 + Level 1.1 Transmutations
 * Level 0.2 Air Magic
 + Level 3.4 Poison Magic


You had one spell level left.
You knew the following spells:

 Your Spells              Type           Power      Damage    Failure   Level
a - Sting                 Tmut/Pois      40%        1d5       6%          1
b - Poisonous Vapours     Pois/Air       18%        N/A       12%         2
c - Mephitic Cloud        Conj/Pois/Air  7%         N/A       30%         3

Your spell library contained the following spells:

 Spells                   Type           Power      Damage    Failure   Level
 Olgreb's Toxic Radiance  Pois           14%        N/A       38%         4


Dungeon Overview and Level Annotations

Branches:
Dungeon (3/15)

Altars:

Annotations:
D:3 Sigmund


Innate Abilities, Weirdness & Mutations

You have a pair of horns on your head.


Message History

The orc hits you with a +0 whip.
Things that are here:
a +0 club; 2 stones The orc attacks as you move away!
The orc barely misses you.
A hobgoblin comes into view.
The hobgoblin shouts!
The orc attacks as you move away! The orc hits you but does no damage.
Sigmund the Dreaded comes into view.
He is wielding a +0 scythe.
The orc attacks as you move away! The orc barely misses you.
The orc attacks as you move away! The orc completely misses you.
Casting: Poisonous Vapours (safe; 12% risk of failure)
Confirm with . or Enter, or press ? or * to list all spells.
Aiming: Poisonous Vapours (safe; 12% risk of failure)
Press: ? - help, Dir - move target, f/p - adder
Aim: an adder (heavily wounded) Poisonous vapours surround the adder!
The adder is poisoned.
The orc barely misses you.
Sigmund casts a spell.
Sigmund flickers and vanishes!
Deactivating autopickup; reactivate with Ctrl-A.
A quokka comes into view.
The quokka barely misses you.
You hit the quokka.
The quokka is moderately wounded.
The quokka bites you but does no damage.
The orc hits you with a +0 whip. The quokka closely misses you.
You barely miss the quokka.
The quokka is moderately wounded.
The orc misses you. The quokka bites you.
* * * LOW HITPOINT WARNING * * *
It was a potion of enlightenment.
You feel very buoyant.
You fly up into the air.
The adder looks more healthy.
The orc hits you with a +0 whip.
* * * LOW HITPOINT WARNING * * *
The quokka closely misses you.
Okay, then.
It was a potion of haste.
You feel yourself speed up. The orc hits you with a +0 whip.
You die...

### #......#.....
#.###.##...#
#.##...#
#.##...####
#..........
#######......
#..†.........
#####.#.#####......
#.@r..#.#).S......#
#o#####.#.##...####
#S# #.#.##...# #{#
#.#S###### #g#
#)#.# #.# #.#.#
#.#####.#.####
#....@.g...'...
#########.####.


You could see an adder, an orc, a quokka and a hobgoblin.

Vanquished Creatures
  2 adders (D:2)
  2 orcs (D:3)
  6 ball pythons
  2 bats
  3 endoplasms
  A giant cockroach (D:1)
  2 goblins (D:1)
  A hobgoblin (D:2)
  2 kobolds
  A frilled lizard (D:1)
22 creatures vanquished.

Notes
Turn   | Place    | Note
-------+----------+-------------------------------------------
     0 | D:1      | bobarctor the Demonspawn Venom Mage began the quest for the
                  | Orb.
     0 | D:1      | Reached XP level 1. HP: 13/13 MP: 3/3
   361 | D:1      | Gained mutation: You have a pair of small horns on your
                  | head. [demonic ancestry]
   361 | D:1      | Reached XP level 2. HP: 19/19 MP: 5/5
   762 | D:2      | Learned a level 2 spell: Poisonous Vapours
   987 | D:2      | Reached skill level 1 in Transmutations
  1072 | D:2      | Gained mutation: You have a pair of horns on your head.
                  | [demonic ancestry]
  1072 | D:2      | Reached XP level 3. HP: 19/24 MP: 0/7
  1203 | D:2      | Learned a level 3 spell: Mephitic Cloud
  1211 | D:2      | Noticed a phantom
  1356 | D:3      | Noticed Sigmund
  1372 | D:3      | Slain by an orc

Illustrated notes

Levels and vault maps discovered:
D:1:      dpeg_arrival_simpleton_c, layout_basic, fountainhead
D:2:      layout_rooms
D:3:      layout_basic, minmay_overflow_temple_star_quad, marbit_many_paths,
          uniq_sigmund

Skill      XL: |  1  2 |
---------------+-------+-----
Stealth        | 2 |  2.0
Transmutations | 1 |  1.1
Dodging        | |  1.9
Spellcasting   | |  2.8
Air Magic      | |  0.2
Poison Magic   | |  3.4

Action                     || total
---------------------------++-------
  Melee: Short sword       ||    12
         Dagger            ||    33
         Headbutt          ||     3
   Cast: Sting             ||    27
         Poisonous Vapours ||     8
         Mephitic Cloud    ||     1
    Use: Potion            ||     2
   Stab: Sleeping          ||     2
 Armour: Robe              ||    12
  Dodge: Dodged            ||    53

Table legend: (Time is in decaauts)
 A = Elapsed time spent in this place.
 B = Non-inter-level travel time spent in this place.
 C = Inter-level travel time spent in this place.
 D = Time resting spent in this place.
 E = Time spent auto-exploring this place.
 F = Levels seen in this place.
 G = Mean time per level.
                   A        B        C        D        E       F      G
               +--------+--------+--------+--------+--------+-----+--------+
         Total |   1370 |   1325 |     45 |    322 |    685 |   3 |  456.7 |
       Dungeon |   1370 |   1325 |     45 |    322 |    685 |   3 |  456.7 |
               +--------+--------+--------+--------+--------+-----+--------+

Top non-repeatable levels by time:
     D:1: 745 daAuts
     D:2: 416 daAuts
     D:3: 208 daAuts
